 Dungeon Crawl Stone Soup version 0.26.0-10-g1f06aea511 (webtiles) character file.

Game seed: 1401569179897288324

19 Dracia the Vexing (level 2, -2/11 HPs)
             Began as a Felid Enchanter on Jan 27, 2021.
             Slain by an adder (3 damage)
             ... on level 2 of the Dungeon.
             The game lasted 00:03:45 (2049 turns).

Dracia the Vexing (Felid Enchanter)                 Turns: 2049, Time: 00:03:46

Health: -2/11      AC:  1    Str:  4    XL:     2   Next: 55%
Magic:  6/6        EV: 18    Int: 16    God:
Gold:   57         SH:  0    Dex: 16    Spells: 2/5 levels left
                                        Lives:  0   Deaths: 0

rFire    . . .     SeeInvis +     - Unarmed
rCold    . . .     Faith    .   (shield unavailable)
rNeg     . . .     Spirit   .   (armour unavailable)
rPois    .         Reflect  .   (helmet unavailable)
rElec    .         Harm     .   (cloak unavailable)
rCorr    .         Rampage  .   (gloves unavailable)
Will     .....                  (boots unavailable)
Stlth    +++.......             (no amulet)
HPRegen  0.03/turn              (no ring)
MPRegen  0.10/turn              (no ring)

@: mighty, lethally poisoned (-2 -> -23), attractive, hasted, very quick
A: very small, no armour, no weapons or thrown items, stealth, claws 1, fangs 3,
see invisible, speed 1, shaggy fur 1, sharp paws
a: no special abilities


You were on level 2 of the Dungeon.
You visited 1 branch of the dungeon, and saw 2 of its levels.

You collected 57 gold pieces.


Innate Abilities, Weirdness & Mutations

You cannot wear armour.
You are incapable of wielding weapons or throwing items.
Your paws allow you to move quietly. (Stealth)
You have sharp claws.
You have razor-sharp teeth.
You have supernaturally acute eyesight. (SInv)
You cover ground quickly.
You are covered in fur. (AC +1)
Your sharp claws are effective at attacking unaware monsters.


   Skills:
 - Level 2.6 Dodging
 + Level 4.1 Stealth
 * Level 2.1 Unarmed Combat
 - Level 2.0 Spellcasting
 + Level 4.8 Hexes


You had 2 spell levels left.
You knew the following spells:

 Your Spells              Type           Power        Failure   Level
x - Ensorcelled Hibernat  Hex/Ice        18%          12%         2
z - Corona                Hex            18%          2%          1

Your spell library contained the following spells:

 Spells                   Type           Power        Failure   Level
 Confusing Touch          Hex            17%          9%          3
 Tukima's Dance           Hex            17%          9%          3
 Dazzling Flash           Conj/Hex       18%          22%         3

Inventory:

Scrolls
 a - a scroll of amnesia {unknown}
 c - a scroll of remove curse {unknown}
 e - a scroll of identify {unknown}
Potions
 d - a potion of might

Dungeon Overview and Level Annotations

Branches:
Dungeon (2/15)

Altars:

#.#.#.## #.#.#.# ####
######.....#
..###...S......#
#.##...###....#####
###.#.###.##.........
#..)..# #.####.######
##.##.#.#.###.# #.#
.......S@.<..#####.#
#######..........#.#
###.######.#.#
#...[......#
########.###
##...#####
#...........
#)...####### #.#.##


You could see an adder.


Message History

You feel sick.
You scratch the adder.
The adder is severely wounded.
The adder bites you.
You are lethally poisoned!
The adder poisons you!
You closely miss the adder. Your bite misses the adder.
The adder is severely wounded.
You feel less invigorated.
You feel less confused.
You feel sick. The adder closely misses you. x2
You scratch the adder but do no damage.
The adder is severely wounded.
The adder bites you.
You are more poisoned.
The adder poisons you!
It was a potion of might.
You feel very mighty all of a sudden.
* * * LOW HITPOINT WARNING * * *
You feel sick. The adder closely misses you.
It was a potion of haste.
You feel yourself speed up.
* * * LOW HITPOINT WARNING * * *
You feel sick. The adder bites you.
* * * LOW HITPOINT WARNING * * *
You are more poisoned.
The adder poisons you!
It was a potion of attraction.
You feel attractive to monsters. The adder bites you.
You die...

Skill      XL: |  1  2 |
---------------+-------+-----
Unarmed Combat | 2 |  2.1
Dodging        | |  2.6
Stealth        | |  4.1
Spellcasting   | |  2.0
Hexes          | |  4.8

Action                   || total
-------------------------++-------
Melee: Unarmed           ||    58
       Bite              ||     1
 Cast: Ensorcelled Hiber ||     9
       Corona            ||     1
  Use: Potion            ||     4
 Stab: Sleeping          ||     6
Armor: Skin              ||     2
Dodge: Dodged            ||    46

Levels and vault maps discovered:
D:1:      heliophobic_arrival_glass_houses, layout_basic
D:2:      layout_loops_ring, uniq_natasha

Notes
Turn   | Place    | Note
-------+----------+-------------------------------------------
     0 | D:1      | Dracia the Felid Enchanter began the quest for the Orb.
     0 | D:1      | Reached XP level 1. HP: 7/7 MP: 4/4
   643 | D:1      | Reached XP level 2. HP: 9/11 MP: 6/6
  1090 | D:1      | Learned a level 2 spell: Ensorcelled Hibernation
  1827 | D:2      | Reached skill level 2 in Unarmed Combat
  2048 | D:2      | HP: 1/11 [adder (2)]
  2049 | D:2      | Slain by an adder

Vanquished Creatures
  2 dart slugs (D:2)
  A giant cockroach (D:1)
  A goblin (D:1)
  2 hobgoblins (D:1)
  A bat (D:1)
  5 kobolds
  3 rats (D:1)
15 creatures vanquished.

Table legend: (Time is in decaauts)
 A = Elapsed time spent in this place.
 B = Non-inter-level travel time spent in this place.
 C = Inter-level travel time spent in this place.
 D = Time resting spent in this place.
 E = Time spent auto-exploring this place.
 F = Levels seen in this place.
 G = Mean time per level.
                   A        B        C        D        E       F      G
               +--------+--------+--------+--------+--------+-----+--------+
         Total |   1813 |   1793 |     20 |    738 |    680 |   2 |  906.5 |
       Dungeon |   1813 |   1793 |     20 |    738 |    680 |   2 |  906.5 |
               +--------+--------+--------+--------+--------+-----+--------+

Top non-repeatable levels by time:
     D:1: 1614 daAuts
     D:2: 198 daAuts

Table legend:
 A = Non-vault XP
 B = Vault XP
 C = Vault XP percentage of total XP
 D = Non-vault monster count
 E = Vault monster count
 F = Vault count percentage of total count
                 A         B        C        D         E       F
            +---------+---------+-------+---------+---------+-------
      Total |      28 |       0 |   0.0 |      15 |       0 |   0.0
            +---------+---------+-------+---------+---------+-------
        D:1 |      17 |       0 |   0.0 |      11 |       0 |   0.0
        D:2 |      11 |       0 |   0.0 |       4 |       0 |   0.0
            +---------+---------+-------+---------+---------+-------
